 Dungeon Crawl Stone Soup version 0.30-a0-778-g2ef04afb54 (webtiles) character file.

Game seed: 7696020413722888010

76606 Mgcat the Protected (level 15, -9/136 HPs)
             Began as an Armataur Fighter on Feb 10, 2023.
             Was a High Priest of Okawaru.
             Mangled by a sixfirhy (12 damage)
             ... summoned by an orc high priest
             ... on level 2 of the Orcish Mines on Feb 16, 2023.
             The game lasted 00:43:06 (20075 turns).

Mgcat the Protected (Armataur Fighter)             Turns: 20075, Time: 00:43:06

Health: -9/136     AC: 35    Str: 36    XL:     15   Next: 13%
Magic:  25/25      EV:  5    Int: 15    God:    Okawaru [*****.]
Gold:   970        SH: 26    Dex: 19    Spells: 14/14 levels left

rFire   + . .      SeeInvis +    C - +5 broad axe (venom)
rCold   x . .      Faith    .    l - +4 tower shield
rNeg    . . .      Spirit   .    a - +2 crystal plate armour
rPois   +          Reflect  .    I - +2 hat {SInv}
rElec   .          Harm     .    (no cloak)
rCorr   +          Roll     +    (no gloves)
Will    ++...                    M - +2 barding of the Catfish {Will+ rCorr Dex+4} Stlth
                                 P - amulet of regeneration {+regen, !d}
HPRegen 1.22/turn                F - ring "Luix" {Str+6 Dex+3}
MPRegen 0.19/turn                w - ring of Eturoton {Fire rPois Str+4 Int+6 Stlth-}

@: lethally poisoned (-9 -> -10), heroic
A: large, rugged brown scales 3, deformed body, armoured tail, roll, long
tongue, awkward tongue, subdued magic 1, inability to read after injury 1
a: Renounce Religion, Heroism, Finesse, Duel


You were on level 2 of the Orcish Mines.
You worshipped Okawaru.
Okawaru was extremely pleased with you.
You visited 4 branches of the dungeon, and saw 20 of its levels.
You also visited: Bailey.

You collected 1741 gold pieces.
You spent 771 gold pieces at shops.

Inventory:

Hand Weapons
 u - a +4 broad axe
   (You took it off an orc warlord in a bailey)
 x - a +4 whip of venom
   (You took it off an orc priest on level 6 of the Dungeon)
 C - a +5 broad axe of venom (weapon)
   (You acquired it in a bailey)
Missiles
 g - 2 throwing nets {=f, !d}
 D - 6 curare-tipped darts
Armour
 a - a +2 crystal plate armour (worn)
   (You found it in a bailey)
 l - a +4 tower shield (worn)
   (You found it on level 1 of the Dungeon)
 m - the +0 barding "Torgha" {rElec}
   (Okawaru gifted it to you on level 8 of the Dungeon)

   rElec:     It insulates you from electricity.
 I - a +2 hat of see invisible (worn)
   (Okawaru gifted it to you on level 10 of the Dungeon)
 M - the +2 barding of the Catfish (worn) {Will+ rCorr Dex+4}
   (Okawaru gifted it to you on level 3 of the Lair of Beasts)

   Dex:       It affects your dexterity (+4).
   rCorr:     It protects you from acid and corrosion.
   Will:      It increases your willpower.
 N - a +1 barding of cold resistance
   (You took it off Nessos on level 4 of the Lair of Beasts)
Magical Staves
 T - a staff of death {rN+}
   (You found it on level 12 of the Dungeon)
Jewellery
 n - a ring of ice {rC+, rF-}
   (You found it on level 4 of the Dungeon)
 w - the ring of Eturoton (right hand) {Fire rPois Str+4 Int+6 Stlth-}
   (You acquired it on level 10 of the Dungeon)

   [ring of fire]

   It enhances your fire magic.
   Str:       It affects your strength (+4).
   Int:       It affects your intelligence (+6).
   rF:        It protects you from fire.
   rC:        It makes you vulnerable to cold.
   rPois:     It protects you from poison.
   Stlth:     It makes you less stealthy.
 F - the ring "Luix" (left hand) {Str+6 Dex+3}
   (You bought it in a shop on level 3 of the Dungeon)

   [ring of strength]

   Str:       It affects your strength (+6).
   Dex:       It affects your dexterity (+3).
 G - a ring of willpower
   (You found it on level 10 of the Dungeon)
 P - an amulet of regeneration (around neck) {+regen, !d}
   (You found it on level 5 of the Lair of Beasts)
 Q - an amulet of the acrobat
   (You took it off a spriggan on level 5 of the Lair of Beasts)
 R - a ring of positive energy {rN+}
   (You found it on level 5 of the Lair of Beasts)
Wands
 c - a wand of flame (30)
   (You took it off Ijyb on level 4 of the Dungeon)
 H - a wand of digging (7)
   (You took it off a boggart on level 5 of the Lair of Beasts)
 O - a wand of light (7)
   (You found it on level 4 of the Lair of Beasts)
Scrolls
 e - 3 scrolls of blinking {!r}
 f - a scroll of magic mapping {!r}
 i - 3 scrolls of poison {!r}
 j - 4 scrolls of fear
 k - 10 scrolls of teleportation
 t - 4 scrolls of summoning
 v - 4 scrolls of vulnerability {!r!r}
 y - 4 scrolls of fog
 J - 8 scrolls of identify
 K - 2 scrolls of immolation {!r}
 L - a scroll of enchant armour
 U - a scroll of torment {!r}
Potions
 b - 4 potions of mutation {!q}
 d - 7 potions of magic
 h - 4 potions of degeneration {!q}
 o - 2 potions of might
 p - 5 potions of lignification {!q}
 q - 4 potions of heal wounds
 r - 13 potions of curing
 z - 2 potions of berserk rage {!q}
 A - 2 potions of haste
 B - 3 potions of cancellation
 E - 3 potions of brilliance
Miscellaneous
 s - a condenser vane
   (You found it on level 11 of the Dungeon)
 S - a lightning rod (4/4)
   (You found it on level 5 of the Lair of Beasts)


   Skills:
 + Level 10.9(15.9) Fighting
 * Level 13.7(18.7) Axes
 + Level 14.0(19.0) Armour
 + Level 13.0(18.0) Shields
 + Level 13.9 Invocations


You had 14 spell levels left.
You didn't know any spells.
Your spell library contained the following spells:

 Spells                   Type           Power      Damage    Failure   Level
 Shock                    Conj/Air       0%         1d3       99%         1
 Sting                    Tmut/Pois      0%         1d3       99%         1
 Blink                    Tloc           0%         N/A       99%         2
 Ensorcelled Hibernation  Hex/Ice        0%         N/A       99%         2
 Passwall                 Tmut/Erth      0%         N/A       99%         2
 Poisonous Vapours        Pois/Air       0%         N/A       99%         2
 Sublimation of Blood     Necr           0%         N/A       99%         2
 Dazzling Flash           Conj/Hex       0%         N/A       100%        3
 Gell's Gravitas          Tloc           0%         N/A       100%        3
 Swiftness                Air            0%         N/A       100%        3
 Teleport Other           Tloc           0%         N/A       100%        3
 Airstrike                Air            0%         2d(0-16)  100%        4
 Manifold Assault         Tloc           0%         N/A       100%        4
 Olgreb's Toxic Radiance  Pois           0%         N/A       100%        4
 Petrify                  Tmut/Erth      0%         N/A       100%        4
 Agony                    Necr           0%         N/A       100%        5
 Irradiate                Conj/Tmut      0%         3d11      100%        5
 Iskenderun's Battlesphe  Conj           0%         2d6       100%        5
 Silence                  Hex/Air        0%         N/A       100%        5
 Dispersal                Tloc           0%         N/A       100%        6
 Iron Shot                Conj/Erth      0%         9d1       100%        6
 Storm Form               Tmut/Air       0%         N/A       100%        7
 Spellforged Servitor     Conj/Summ      Unusable   N/A       N/A         7

Dungeon Overview and Level Annotations

Branches:
Dungeon (12/15)            Temple (1/1) D:4            Lair (5/5) D:11
 Shoals (0/4) Lair:2        Snake (0/4) Lair:2        Slime (0/5) Lair:5
    Orc (2/2) D:12         Bailey (visited)
    Elf: Orc:2

Altars:
Ashenzari
Cheibriados
Dithmenos
Elyvilon
Fedhas
Gozag
Hepliaklqana
Kikubaaqudgha
Makhleb
Nemelex Xobeh
Okawaru
Qazlal
Ru
Sif Muna
Trog
Uskayaw
Vehumet
Wu Jian
Xom
Yredelemnul
Zin
The Shining One
Jiyva

Shops:
D:3 [=*[   D:4 [   D:9 :

Annotations:
D:11 2 transporters, NigelTetley's ghost, journeyman VSFi
D:12 2 transporters, exclusion: ice statue, Takeo's ghost, journeyman DjWr


Innate Abilities, Weirdness & Mutations

You are completely covered in rugged brown scales. (AC +3, +7% HP)
Armour fits poorly on your strangely shaped body.
You have a long armoured tail.
You roll when moving toward enemies. (Rampage)
Your long tongue fully drains potion bottles. (2x potion effects)
Your tongue gives you trouble enunciating. (1.5x scroll delay)
Your spells are a little easier to cast, but a little less powerful.
You occasionally lose the ability to read scrolls when taking damage.


Message History

Lua error: [string "/dgldir/rcfiles/crawl-git/Mgcat.rc"]:938: invalid capture index You hit the orc knight.
Your tail-slap misses the orc knight.
The orc knight is severely wounded.
You completely miss the chaos spawn. You slash the soul eater!
You feel very sick. You block the soul eater's attack.
The orange demon barely misses you. You block the chaos spawn's attack.
You take 2 damage, and have 70/136 hp.
Danger x4: orc high priest (strong) x2, orc priest (strong), orc knight (extremely poisoned)!
You slice the orc knight!!
You kill the orc knight!
Okawaru accepts your kill.
You completely miss the soul eater. You hit the chaos spawn.
You feel very sick. You block the orc warrior's attack. x2
The orc high priest hits you but does no damage.
The orc priest mumbles some strange prayers to Beogh against you.
You resist with almost no effort.
The orange demon stings you but does no damage.
The soul eater completely misses you.
The chaos spawn hits you but does no damage.
You take 3 damage, and have 67/136 hp.
Warning x3: The orc high priest (strong) can smite you! x2
The orc priest (strong) can smite you!
You hit the soul eater but do no damage.
The soul eater is almost dead.
You hit the chaos spawn.
The chaos spawn looks as sick as possible!
You feel sick. You block the orc warrior's attack.
The orc high priest hits you from afar with a +0 glaive.
You block the orc warrior's attack.
The soul eater hits you but does no damage.
You block the orange demon's attack.
You take 4 damage, and have 63/136 hp.
Warning x3: The orc high priest (strong) can smite you! x2
The orc priest (strong) can smite you!
You hit the soul eater but do no damage.
The soul eater is severely wounded.
You slash the chaos spawn!
You kill the chaos spawn!
The chaos spawn degenerates into a cloud of primal chaos!
You feel sick. You block the orc warrior's attack.
You block the orc high priest's attack. You block the orc warrior's attack.
The soul eater hits you. You block the orange demon's attack.
You take 5 damage, and have 58/136 hp.
Warning x3: The orc high priest (strong) can smite you! x2
The orc priest (strong) can smite you!
You closely miss the soul eater.
The soul eater is severely wounded.
You feel sick. You block the orc warrior's attack. x2
The orc high priest hits you from afar with a +0 glaive!
You take 13 damage, and have 45/136 hp.
Lua error: [string "/dgldir/rcfiles/crawl-git/Mgcat.rc"]:930: invalid capture index You slice the orc priest!!
You kill the orc priest!
Okawaru accepts your kill.
You slash the soul eater!
You kill the soul eater!
The soul eater disappears in a puff of smoke!
You feel sick. You block the orange demon's attack.
Warning x2: The orc high priest (strong) can smite you! x2
You feel sick.
The orc warrior hits you but does no damage.
The orc high priest prays to Beogh.
You block the orange demon's attack.
Items here: ( )))) [[[ ††††.
Lua error: [string "/dgldir/rcfiles/crawl-git/Mgcat.rc"]:930: invalid capture index You closely miss the orc high priest.
You hit the orc warrior.
The orc warrior is poisoned.
You block the orc warrior's attack. The orc warrior barely misses you.
You block the orc high priest's attack.
The orc high priest mumbles some strange prayers to Beogh against you.
Beogh smites you!
* * * LOW HITPOINT WARNING * * *
An orc wizard comes into view. It is wielding a +0 dagger.
You block the orange demon's attack.
You take 6 damage, and have 39/136 hp.
Warning x2: The orc high priest (strong) can smite you! x2
Unknown command.
Lua error: [string "/dgldir/rcfiles/crawl-git/Mgcat.rc"]:930: invalid capture index Unknown command.
Lua error: [string "/dgldir/rcfiles/crawl-git/Mgcat.rc"]:930: invalid capture index You roll towards the orc warrior!
You slash the orc warrior!
The orc warrior is moderately wounded.
You feel sick. You block the orc warrior's attack.
The orc warrior hits you from afar with a +1 glaive of freezing!
* * * LOW HITPOINT WARNING * * *
The orc warrior freezes you.
* * * LOW HITPOINT WARNING * * *
The orc high priest utters an invocation to Beogh.
You block the orc high priest's attack.
The orange demon stings you but does no damage.
You take 17 damage, and have 22/136 hp.
Warning x2: The orc high priest (strong) can smite you! x2
You feel sick.
The orange demon disappears in a puff of smoke!
The sixfirhy hits you.
* * * LOW HITPOINT WARNING * * *
The sixfirhy shocks you!
* * * LOW HITPOINT WARNING * * *
The sixfirhy hits you.
* * * LOW HITPOINT WARNING * * *
The sixfirhy shocks you!
You die...

...............
...$.......<......
...................
....................
.............4........
......................
$........§oo..........
......$..)3).4........
.....o..o)@#..........
#........o)[......#..#
....................##
##............<......#
#.#.....#..........#.
#..............#......
#.....#......#####.$..
...#..##......# ...
...... #......... ..


You could see 2 orc high priests, an orange demon (summoned), a hellwing
(summoned), a sixfirhy (summoned), 2 orc warriors and an orc wizard.

Vanquished Creatures
  Jorgrun (Orc:1)
  Gastronok (D:10)
  Donald (Orc:2)
  An orc warlord (Bailey)
  Azrael (D:12)
  Nessos (Lair:4)
  A catoblepas (Lair:3)
  3 two-headed ogres
  Erica (D:10)
  The ghost of Takeo the Carver, a novice MfGl of Okawaru (D:8)
  6 death yaks
  4 skeletal warriors
  A fire crab (shapeshifter) (D:8)
  A deep troll (Orc:2)
  A fire crab (Lair:5)
  6 skysharks
  4 orc knights
  4 deep elf pyromancers
  A wolf spider (Lair:3)
  4 orc sorcerers
  An ugly thing (D:8)
  2 cyclopes
  2 manticores
  16 elephants
  An oklob plant (Lair:3)
  2 black mambas (Lair:5)
  9 cane toads
  A torpor snail (Lair:5)
  An unseen horror (D:12)
  3 rime drakes
  6 komodo dragons
  11 trolls
  8 polar bears
  The ghost of zurenarrh the Shooter, an amateur BaHu of Fedhas (D:5)
  A dream sheep (Lair:5)
  A wind drake (Lair:2)
  Grinder (D:4)
  8 hornets
  11 blink frogs
  2 shadows
  12 spriggans (Lair:5)
  60 yaks
  6 wyverns
  2 basilisks
  3 fire elementals (D:12)
  3 steam dragons (D:8)
  8 vampire mosquitoes
  3 wargs
  An acid dragon (D:11)
  3 hell hounds (D:12)
  11 water moccasins
  3 sky beasts
  25 orc warriors
  6 black bears
  4 ice beasts
  5 ogres
  44 wolves
  5 boggarts (Lair:5)
  A phantom (D:4)
  4 centaurs
  9 kobold brigands
  Blork the orc (D:5)
  12 bullfrogs
  3 gnoll sergeants (D:12)
  4 scorpions
  4 necrophages
  9 wights
  4 killer bees (D:9)
  13 howler monkeys
  A vampire bat (Orc:2)
  An electric eel (Orc:1)
  6 hounds
  A gnoll bouda (D:5)
  18 orc priests
  4 jellies
  Ijyb (D:4)
  4 iguanas
  21 orc wizards
  4 hell rats (Lair:3)
  Robin (D:2)
  17 gnolls
  10 adders
  2 river rats (D:5)
  3 shadow imps
  2 white imps
  2 ufetubi
  6 worms
  5 dart slugs
  82 orcs
  4 ball pythons
  8 endoplasms
  A giant cockroach (D:2)
  12 goblins
  11 hobgoblins
  9 jackals (D:2)
  5 quokkas
  13 bats
  A frilled lizard (D:3)
  27 kobolds
  6 rats
688 creatures vanquished.

Vanquished Creatures (others)
  An orc wizard (Orc:2)
  2 orcs
  18 fungi
  27 plants
48 creatures vanquished.

Grand Total: 736 creatures vanquished

Notes
Turn   | Place    | Note
-------+----------+-------------------------------------------
     0 | D:1      | Mgcat the Armataur Fighter began the quest for the Orb.
     0 | D:1      | Reached XP level 1. HP: 19/19 MP: 1/1
    65 | D:1      | Upgraded the game from 0.30-a0-760-g5a9884bb7c to
                  | 0.30-a0-778-g2ef04afb54
   284 | D:1      | Reached XP level 2. HP: 25/26 MP: 2/2
   592 | D:1      | Reached skill level 2 in Axes
   792 | D:2      | Reached XP level 3. HP: 32/32 MP: 3/3
   797 | D:2      | Reached skill level 4 in Armour
   799 | D:2      | Reached skill level 3 in Fighting
  1011 | D:2      | Found a bloodstained altar of Trog.
  1125 | D:2      | Noticed Robin
  1143 | D:2      | Killed Robin
  1144 | D:2      | Reached XP level 4. HP: 40/40 MP: 4/4
  1626 | D:3      | Found Xyqyemol's Jewellery Boutique.
  1667 | D:3      | Found Geg Nion's General Store.
  1677 | D:3      | Bought a scroll of enchant weapon for 90 gold pieces
  1692 | D:3      | Found Yliygairgh's Armour Boutique.
  1702 | D:3      | Reached skill level 4 in Shields
  1814 | D:3      | Reached XP level 5. HP: 48/48 MP: 5/5
  1842 | D:3      | Reached skill level 3 in Axes
  2128 | D:3      | Noticed an ice beast
  2131 | D:3      | Reached XP level 6. HP: 54/54 MP: 6/6
  2141 | D:3      | Killed an ice beast
  2142 | D:3      | Reached skill level 5 in Armour
  2198 | D:3      | Found Tiogg's Armour Boutique.
  2905 | D:4      | Found Reulirin's Armour Emporium.
  2914 | D:4      | Noticed Ijyb
  2934 | D:4      | Killed Ijyb
  2935 | D:4      | Reached skill level 4 in Axes
  3121 | D:4      | Reached skill level 4 in Fighting
  3141 | D:4      | Reached XP level 7. HP: 63/63 MP: 7/7
  3166 | D:4      | Reached skill level 5 in Shields
  3278 | D:4      | Found the Hermit's Pendant {Faith Invo=14 Evo=0 MP+5}
  3306 | D:4      | Found a staircase to the Ecumenical Temple.
  3337 | Temple   | Entered the Ecumenical Temple
  3369 | Temple   | Became a worshipper of Warmaster Okawaru
  3703 | D:4      | Noticed Grinder
  3705 | D:4      | Paralysed by Grinder for 2 turns
  3736 | D:4      | Paralysed by Grinder for 3 turns
  3750 | D:4      | Killed Grinder
  3751 | D:4      | Reached skill level 6 in Armour
  4279 | D:5      | Entered Level 5 of the Dungeon
  4344 | D:5      | Reached skill level 5 in Axes
  4426 | D:3      | Bought a scroll of enchant weapon for 90 gold pieces
  4532 | D:5      | Reached XP level 8. HP: 69/71 MP: 8/8
  4542 | D:5      | Found a runed translucent door.
  4628 | D:5      | Found a runed translucent door.
  4650 | D:5      | Noticed zurenarrh's ghost (amateur BaHu)
  4665 | D:5      | Noticed Blork the orc
  4688 | D:5      | Killed Blork the orc
  4768 | D:5      | Reached * piety under Okawaru
  5150 | D:6      | Reached skill level 6 in Shields
  5150 | D:6      | Reached skill level 1 in Invocations
  5203 | D:6      | Reached skill level 5 in Fighting
  5290 | D:6      | Reached skill level 6 in Axes
  5358 | D:6      | Reached skill level 2 in Invocations
  5358 | D:6      | Found a shimmering altar of Xom.
  5359 | D:6      | Found a shimmering altar of Xom.
  5360 | D:6      | Found a shimmering altar of Xom.
  5360 | D:6      | Found a shimmering altar of Xom.
  5404 | D:6      | Reached skill level 7 in Armour
  5542 | D:6      | Noticed a troll
  5551 | D:6      | Killed a troll
  5551 | D:6      | Reached ** piety under Okawaru
  5552 | D:6      | Reached XP level 9. HP: 53/79 MP: 7/10
  6473 | D:7      | Found a flagged portal.
  6482 | Bailey   | Entered a bailey
  6501 | Bailey   | Noticed an orc warlord
  6539 | Bailey   | Reached skill level 3 in Invocations
  6742 | Bailey   | Found a runed translucent gate.
  6745 | Bailey   | Found a runed translucent gate.
  6747 | Bailey   | Found a runed translucent gate.
  6773 | Bailey   | Reached skill level 7 in Shields
  6890 | Bailey   | Killed an orc warlord
  6891 | Bailey   | Reached skill level 6 in Fighting
  6891 | Bailey   | Reached skill level 7 in Axes
  6891 | Bailey   | Reached skill level 8 in Armour
  6907 | Bailey   | Acquired a +1 broad axe of venom
  7115 | D:7      | Reached *** piety under Okawaru
  7256 | D:7      | Found a hide-covered altar of Uskayaw.
  7256 | D:7      | Found a radiant altar of Vehumet.
  7257 | D:7      | Found a burning altar of Makhleb.
  7278 | D:7      | Reached skill level 4 in Invocations
  7320 | D:7      | Reached XP level 10. HP: 81/88 MP: 13/13
  7555 | D:7      | Noticed a deep elf pyromancer
  7561 | D:7      | Killed a deep elf pyromancer
  7612 | D:7      | Noticed a cyclops
  7619 | D:7      | Killed a cyclops
  7620 | D:7      | Reached skill level 8 in Shields
  7887 | D:7      | Reached skill level 8 in Axes
  7916 | D:8      | Reached **** piety under Okawaru
  7970 | D:8      | Reached skill level 5 in Invocations
  8079 | D:8      | Reached skill level 9 in Armour
  8148 | D:8      | Noticed a green ugly thing
  8158 | D:8      | Killed a green ugly thing
  8177 | D:8      | Found a sacrificial altar of Ru.
  8320 | D:8      | Noticed a manticore
  8329 | D:8      | Reached skill level 7 in Fighting
  8330 | D:8      | Noticed Takeo's ghost (novice MfGl)
  8334 | D:8      | Found a transporter.
  8342 | D:8      | Found a transporter.
  8433 | D:8      | Found a shadowy altar of Dithmenos.
  8823 | D:9      | Reached skill level 6 in Invocations
  8992 | D:9      | Reached XP level 11. HP: 81/98 MP: 15/15
  9194 | D:9      | Identified the +6 chain mail of Least Resistance {Rampage
                  | rF- rN+ Int+2}
  9208 | D:9      | Found Yneakeur's Book Shop.
  9390 | D:9      | Found a shimmering blue altar of Sif Muna.
  9459 | D:9      | Reached ***** piety under Okawaru
  9668 | D:10     | Entered Level 10 of the Dungeon
  9668 | D:10     | Noticed a two-headed ogre
  9673 | D:10     | Killed a two-headed ogre
  9674 | D:10     | Reached skill level 9 in Axes
  9773 | D:10     | Reached skill level 9 in Shields
  9907 | D:10     | Noticed Erica
  9924 | D:10     | Killed Erica
  9925 | D:10     | Reached skill level 7 in Invocations
 10030 | D:10     | Identified the +2 robe of Tiywusor {rPois rF++}
 10202 | D:10     | Noticed Gastronok
 10219 | D:10     | Killed Gastronok
 10219 | D:10     | Received a gift from Okawaru
 10220 | D:10     | Reached skill level 10 in Armour
 10313 | D:10     | Acquired the ring of Eturoton {Fire rPois Str+4 Int+6
                  | Stlth-}
 10423 | D:10     | Found an ancient bone altar of Kikubaaqudgha.
 10544 | D:11     | Noticed a skeletal warrior
 10544 | D:11     | Noticed a skeletal warrior
 10549 | D:11     | Noticed a deep elf pyromancer
 10555 | D:11     | Noticed a skeletal warrior
 10557 | D:11     | Killed a deep elf pyromancer
 10557 | D:11     | Noticed a skeletal warrior
 10564 | D:11     | HP: 23/100 [skeletal warrior/+0 glaive (8)]
 10831 | D:11     | Reached skill level 8 in Invocations
 10976 | D:11     | Killed a skeletal warrior
 10977 | D:11     | Reached skill level 8 in Fighting
 11217 | D:11     | Reached skill level 10 in Axes
 11230 | D:11     | Noticed NigelTetley's ghost (journeyman VSFi)
 11268 | D:11     | Found a transporter.
 11272 | D:11     | Noticed a two-headed ogre
 11275 | D:11     | Killed a two-headed ogre
 11276 | D:11     | Reached XP level 12. HP: 108/108 MP: 18/18
 11376 | D:11     | Found a staircase to the Lair.
 11452 | D:11     | Found a transporter.
 11478 | D:11     | Reached skill level 10 in Shields
 11797 | D:10     | Reached skill level 9 in Invocations
 12371 | Lair:1   | Entered Level 1 of the Lair of Beasts
 12429 | D:8      | Reached skill level 11 in Armour
 12499 | D:5      | Killed zurenarrh's ghost
 12651 | D:3      | Bought the ring "Luix" {Str+6 Dex+3} for 591 gold pieces
 12785 | D:8      | Received a gift from Okawaru
 12810 | D:8      | Killed Takeo's ghost
 12810 | D:8      | Identified the +0 barding "Torgha" {rElec} (Okawaru gifted
                  | it to you on level 8 of the Dungeon)
 12810 | D:8      | Received a gift from Okawaru
 13099 | Lair:1   | Reached skill level 10 in Invocations
 13194 | Lair:1   | Reached skill level 11 in Axes
 13752 | Lair:1   | You fall into a shaft and drop 1 floor!
 13845 | Lair:2   | Reached skill level 9 in Fighting
 14054 | Lair:2   | Found a staircase to the Shoals.
 14068 | Lair:2   | Reached XP level 13. HP: 58/118 MP: 18/20
 14255 | Lair:2   | Found a staircase to the Snake Pit.
 14891 | Lair:2   | Reached skill level 11 in Shields
 15139 | Lair:3   | Reached skill level 12 in Armour
 15139 | Lair:3   | Reached skill level 11 in Invocations
 15463 | Lair:3   | Identified the +2 barding of the Catfish {Will+ rCorr
                  | Dex+4} (Okawaru gifted it to you on level 3 of the Lair of
                  | Beasts)
 15463 | Lair:3   | Received a gift from Okawaru
 15642 | Lair:3   | Reached skill level 12 in Axes
 16858 | Lair:4   | Reached skill level 12 in Invocations
 16918 | Lair:4   | Noticed Nessos
 16941 | Lair:4   | Killed Nessos
 17126 | Lair:5   | Entered Level 5 of the Lair of Beasts
 17361 | Lair:5   | Reached XP level 14. HP: 127/127 MP: 20/23
 17402 | Lair:5   | Reached skill level 10 in Fighting
 17411 | Lair:5   | Reached skill level 12 in Shields
 17573 | Lair:5   | Reached skill level 13 in Armour
 17763 | Lair:5   | Received a gift from Okawaru
 17877 | Lair:5   | Reached skill level 13 in Axes
 17892 | Lair:5   | Reached skill level 13 in Invocations
 18269 | Lair:5   | Found a viscous altar of Jiyva.
 18270 | Lair:5   | Found a staircase to the Slime Pits.
 18578 | D:12     | Found a transporter.
 18589 | D:12     | Found a transporter.
 18669 | D:12     | Noticed Takeo's ghost (journeyman DjWr)
 19015 | D:12     | Found a staircase to the Orcish Mines.
 19190 | D:12     | Noticed Azrael
 19205 | D:12     | Killed Azrael
 19352 | Orc:1    | Entered Level 1 of the Orcish Mines
 19386 | Orc:1    | Received a gift from Okawaru
 19392 | Orc:1    | Noticed Jorgrun
 19418 | Orc:1    | Killed Jorgrun
 19712 | Orc:2    | Entered Level 2 of the Orcish Mines
 19876 | Orc:2    | Gained mutation: Your spells are a little easier to cast,
                  | but a little less powerful. [a neqoxec]
 19883 | Orc:2    | Gained mutation: You occasionally lose the ability to read
                  | scrolls when taking damage. [a neqoxec]
 19899 | Orc:2    | Reached XP level 15. HP: 111/136 MP: 20/25
 19901 | Orc:2    | Identified the +0 helmet of Vac Qed {rC+ Will+ rCorr}
                  | (Okawaru gifted it to you on level 2 of the Orcish Mines)
 19901 | Orc:2    | Received a gift from Okawaru
 19981 | Orc:2    | Noticed Donald
 20061 | Orc:2    | Reached skill level 13 in Shields
 20061 | Orc:2    | Killed Donald
 20062 | Orc:2    | Reached skill level 14 in Armour
 20074 | Orc:2    | HP: 28/136 [orc warrior/+1 glaive of freezing (11)]
 20075 | Orc:2    | HP: 7/136 [sixfirhy[an orc high priest] (11)]
 20075 | Orc:2    | HP: 3/136 [sixfirhy[an orc high priest] (4)]
 20075 | Orc:2    | Mangled by a sixfirhy

Illustrated notes

Levels and vault maps discovered:
D:1:      dpeg_arrival_rooms_b, layout_loops_cross
D:2:      layout_loops_ring, serial_forest, infiniplex_forest_clump_curved,
          infiniplex_forest_end_1, infiniplex_forest_clump_double,
          infiniplex_forest_straight_3, infiniplex_forest_straight_3,
          infiniplex_forest_clump_small, infiniplex_forest_clump_curved,
          basic_altar, uniq_crazy_yiuf_cottage, uniq_robin
D:3:      minmay_general_purpose_star, layout_loops_ring,
          serial_co_window_serial, co_window_of_opportunity_a,
          co_window_paths_b, co_window_paths_a, co_window_corner_a,
          co_window_corner_a, co_window_corner_b, co_window_cross_3,
          co_window_cross_2, co_window_of_opportunity_c,
          co_window_unsneaky_path_d, co_window_paths_e, serial_shops, shop,
          shop, shop, nicolae_shop_temple_entry_statues_fountains,
          minmay_misc_feat_room
D:4:      layout_loops_corners, minmay_temple_entry_stoned_glass, serial_shops,
          shop, uniq_grinder, uniq_ijyb
D:5:      layout_cave_pools, ebering_ghost_sewer_f, nicolae_fountain_basement,
          uniq_blork_the_orc
D:6:      layout_basic, xom_redecorated, serial_aquarium, aquarium_bridge_square
          [aquarium_subvault_balcony, aquarium_subvault_wall,
          aquarium_subvault_balcony, aquarium_subvault_bridge],
          aquarium_window_corridor_1, aquarium_window_corner,
          aquarium_window_fake, aquarium_view_2c, aquarium_view_2b,
          aquarium_balcony_3b, aquarium_pool_1
D:7:      layout_loops_cross, minitemple, enter_bailey_8, minivault_26,
          minmay_manual_mandibuliform
D:8:      minmay_chambers_of_sixes, layout_basic,
          grunt_dithmenos_smoke_and_mirrors, mainiacjoe_overflow_alcove_1,
          gammafunk_ghost_arena
D:9:      layout_irregular_city, lemuel_blue_sif_altar, serial_shops,
          nicolae_shop_advertising_works [nicolae_subvault_shop_adworks]
D:10:     layout_roguey, mainiacjoe_overflow_boulevard, uniq_gastronok,
          uniq_erica
D:11:     layout_gridville, david_lair_generic, gammafunk_ghost_hive
D:12:     layout_basic, kennysheep_orc_monster_closet_entryway,
          nzn_ghost_randoct, uniq_azrael
Temple:   nicolae_temple_ecumenical_triangle
Lair:1:   layout_cave_shapes, st_stairs_5, grunt_megastairs_5,
          lemuel_fruit_fields
Lair:2:   layout_regular_city, minmay_shoals_entry_beasts, dummy_snake_entry,
          st_stairs_5, serial_bayou_shore_a
Lair:3:   layout_gridlike, nicolae_lair_run_with_the_wolves
Lair:4:   layout_long_grid, uniq_nessos
Lair:5:   minmay_lair_end_enchanted_forest, layout_hall_layers,
          dpeg_slime_entry_enclosed, chequers_serial_rivers_micro_a,
          grunt_megastairs_2
Orc:1:    layout_caves, nicolae_orc_flooded_monolith, uniq_jorgrun
Orc:2:    grunt_orc_tribal_feast, layout_caves, roderic_batcave,
          guppyfry_orc_lava_fort, uniq_donald

Skill      XL: |  1  2  3  4  5  6  7  8  9 10 11 12 13 14 15 |
---------------+----------------------------------------------+-----
Axes           | 2 3 4 5 6 7 8 10 11 12 13 | 13.7
Armour         | 4 5 6 7 8 9 10 11 12 13 14 | 14.0
Fighting       | 3 4 5 6 7 8 9 10 | 10.9
Shields        | 4 5 6 7 8 9 10 11 12 13 | 13.0
Invocations    | 2 4 6 8 10 12 13 | 13.9

Action                     |  1- 3 |  4- 6 |  7- 9 | 10-12 | 13-15 || total
---------------------------+-------+-------+-------+-------+-------++-------
  Melee: War axe           |   112 |   146 |   249 |       |       ||   507
         Tailslap          |     9 |    13 |    38 |    80 |   117 ||   257
         Broad axe         |       |       |    17 |   587 |   679 ||  1283
 Invoke: Heroism           |       |       |     3 |    13 |    25 ||    41
         Finesse           |       |       |       |       |     1 ||     1
  Evoke: Wand              |       |       |     3 |       |     1 ||     4
         Condenser vane    |       |       |       |       |     1 ||     1
    Use: Scroll            |       |     8 |     9 |    16 |     3 ||    36
         Potion            |       |     3 |     4 |     4 |       ||    11
   Stab: Invisible         |       |     3 |       |       |       ||     3
         Petrified         |       |       |       |       |     3 ||     3
 Armour: Scale mail        |    45 |    77 |    81 |       |       ||   203
         Crystal plate arm |       |       |    22 |   313 |   405 ||   740
  Dodge: Dodged            |    27 |    31 |    26 |    36 |    47 ||   167
  Block: Buckler           |     9 |       |       |       |       ||     9
         Tower shield      |    56 |   127 |   208 |   526 |   836 ||  1753

Table legend: (Time is in decaauts)
 A = Elapsed time spent in this place.
 B = Non-inter-level travel time spent in this place.
 C = Inter-level travel time spent in this place.
 D = Time resting spent in this place.
 E = Time spent auto-exploring this place.
 F = Levels seen in this place.
 G = Mean time per level.
                   A        B        C        D        E       F      G
               +--------+--------+--------+--------+--------+-----+--------+
         Total |  20497 |  19373 |   1124 |   2647 |  12592 |  21 |  976.0 |
       Dungeon |  13633 |  12764 |    869 |   1687 |   8457 |  12 | 1136.1 |
        Temple |     45 |     45 |      0 |      0 |     19 |   1 |   45.0 |
          Lair |   5508 |   5278 |    230 |    721 |   3525 |   5 | 1101.6 |
  Orcish Mines |    689 |    664 |     25 |    111 |    381 |   2 |  344.5 |
        Bailey |    620 |    620 |      0 |    127 |    210 |   1 |  620.0 |
               +--------+--------+--------+--------+--------+-----+--------+

Top non-repeatable levels by time:
    D:10: 1579 daAuts
     D:6: 1537 daAuts
     D:4: 1462 daAuts
     D:3: 1447 daAuts
  Lair:5: 1329 daAuts
    D:11: 1289 daAuts
  Lair:2: 1235 daAuts
  Lair:3: 1128 daAuts
     D:8: 1067 daAuts
     D:9: 1062 daAuts
  Lair:4: 992 daAuts
     D:2: 978 daAuts
     D:7: 969 daAuts
  Lair:1: 822 daAuts
    D:12: 794 daAuts

Table legend:
 A = Kills in this place as a percentage of kills in entire the game.
 B = Kills by you in this place as a percentage of kills by you in the entire game.
 C = Kills by friends in this place as a percentage of kills by friends in the entire game.
 D = Other kills in this place as a percentage of other kills in the entire game.
 E = Experience gained in this place as a percentage of experience gained in the entire game.
 F = Experience gained in this place divided by the number of levels of this place that you have seen.
                   A       B       C       D       E      F
               +-------+-------+-------+-------+-------+----------------------
         Total | 100.0 | 100.0 |   N/A | 100.0 | 100.0 | 5211.3
       Dungeon |  53.8 |  53.9 |   N/A |   0.0 |  34.9 | 3180.1
          Lair |  28.7 |  28.8 |   N/A |   0.0 |  50.3 | 11001.2
  Orcish Mines |  14.1 |  14.0 |   N/A | 100.0 |  13.3 | 7304.0
        Bailey |   3.3 |   3.3 |   N/A |   0.0 |   1.5 | 1663.0
               +-------+-------+-------+-------+-------+----------------------
